 Dungeon Sprint DCSS version 0.30-a0-824-g6c64550be9 (webtiles) character file.

Game seed: 10393175067376268143

26 BigDaddyOpFi the Grappler (level 9, -19/98 HPs)
             Began as a Troll Fighter on Feb 27, 2023.
             Was a Priest of Wu Jian.
             Killed from afar by a deep elf pyromancer (40 damage)
             ... with a bolt of fire
             ... in the Dungeon (Sprint VI: "Thunderdome").
             The game lasted 00:02:31 (468 turns).

BigDaddyOpFi the Grappler (Troll Fighter)            Turns: 468, Time: 00:02:32

Health: -19/98     AC:  4    Str: 30    XL:     9   Next: 3%
Magic:  0/8        EV: 12    Int:  6    God:    Wu Jian [***...]
Gold:   105        SH: 11    Dex: 13    Spells: 8/8 levels left

rFire   . . .      SeeInvis .      - Unarmed
rCold   + . .      Faith    .    b - +0 kite shield
rNeg    . . .      Spirit   +    a - +0 robe
rPois   .          Reflect  .    (helmet restricted)
rElec   +          Harm     .    (no cloak)
rCorr   +          Rampage  .    (gloves unavailable)
Will    .....      NoTele   +    (boots unavailable)
Stlth   +                        n - amulet of Astrokh {Spirit rC+}
HPRegen 1.16/turn                o - ring of Jeghuf {rElec rCorr Str+2}
MPRegen 0.11/turn                p - ring "Vero" {Fly Dex+4}

@: exhausted, on fire, flying, glowing
A: large, unfitting armour, claws 3, regeneration 1, shaggy fur 1, tough skin 1
a: Renounce Religion, Wall Jump, Serpent's Lash


You were in the Dungeon.
You worshipped Wu Jian.
Wu Jian was most pleased with you.
You visited 1 branch You collected 240 gold pieces.
You spent 135 gold pieces at shops.

Inventory:

Armour
 a - a +0 robe (worn)
 b - a +0 kite shield (worn)
Jewellery
 n - the amulet of Astrokh (around neck) {Spirit rC+}
   (You bought it in a shop in the Dungeon)

   [amulet of guardian spirit]

   It causes incoming damage to be divided between your reserves of health and
   magic.
   rC:        It protects you from cold.
 o - the ring of Jeghuf (left claw) {rElec rCorr Str+2}
   (You bought it in a shop in the Dungeon)

   [ring of resist corrosion]

   Str:       It affects your strength (+2).
   rElec:     It insulates you from electricity.
   rCorr:     It protects you from acid and corrosion.
 p - the ring "Vero" (right claw) {Fly Dex+4}
   (You bought it in a shop in the Dungeon)

   [ring of flight]

   Dex:       It affects your dexterity (+4).
   Fly:       It grants you flight.
Wands
 k - a wand of light (5)
 l - a wand of iceblast (5)
Scrolls
 i - 4 scrolls of blinking
 m - 3 scrolls of fog
Potions
 d - a potion of curing
 f - 4 potions of haste
 g - 2 potions of magic
 h - a potion of berserk rage
 j - a potion of resistance


   Skills:
 + Level 9.0 Fighting
 + Level 9.0 Dodging
 + Level 9.9 Shields
 + Level 10.5 Unarmed Combat


You had 8 spell levels left.
You didn't know any spells.
Your spell library was empty.

Dungeon Overview and Level Annotations

Branches:
Dungeon (1/1)

Altars:
Cheibriados
Dithmenos
Fedhas
Gozag
Kikubaaqudgha
Makhleb
Okawaru
Qazlal
Ru
Sif Muna
Trog
Uskayaw
Vehumet
Wu Jian
Xom
Yredelemnul
Zin
The Shining One
Lugonu

Shops:
D *[??*?*:[((!!!!


Innate Abilities, Weirdness & Mutations

You are too large for most types of armour.
You have claws for hands.
Your natural rate of healing is unusually fast.
You are covered in fur. (AC +1)
You have tough skin. (AC +1)


Message History

Your Dodging skill increases to level 9!
You have reached level 9!
Your experience leads to an increase in your attributes!
Your base attributes are Str 25, Int 6, Dex 9.
Increase (S)trength, (I)ntelligence, or (D)exterity?
You feel stronger. x3
Unknown command.
You feel much better.
You block the fire elemental's attack. x2
You block the deep elf pyromancer's attack.
The fire elemental completely misses you.
You block the fire elemental's attack.
You closely miss the deep elf pyromancer.
The deep elf pyromancer is moderately wounded.
The deep elf pyromancer gestures wildly while chanting.
The deep elf pyromancer blinks!
The deep elf pyromancer mumbles some strange words.
The fire elemental barely misses you. The fire elemental hits you.
The fire elemental burns you!
You barely miss the deep elf pyromancer.
The deep elf pyromancer is moderately wounded.
The fire elemental closely misses you. The fire elemental hits you.
The fire elemental burns you!
The deep elf pyromancer hits you with a +0 long sword.
* * * LOW HITPOINT WARNING * * *
You feel much better. You block the fire elemental's attack.
The fire elemental hits you. The fire elemental burns you!
The fire elemental barely misses you.
The deep elf pyromancer gestures at you while chanting.
The sticky flame hits you.
You are covered in liquid flames!
You barely miss the deep elf pyromancer.
The deep elf pyromancer is moderately wounded.
You are covered in liquid flames!
The fire elemental hits you. The fire elemental burns you!
You block the fire elemental's attack. The fire elemental hits you.
The fire elemental burns you!
* * * LOW HITPOINT WARNING * * *
The deep elf pyromancer casts a spell at you.
The bolt of fire hits you!!!
You die...

#_...○..._# #_......._#
#_○.......# ###..☼......###
#⌠......§○...⌠#
######.8....°○°..8.######
##.___......###E○E...___∩##
#∩........8.# #E8E○......∩###
.......)...[###e@EE.........##
.........###)..###..........⌠#
.........# #.<.# #.)........⌠#
.........###...###..........⌠#
............###.............#
#∩........8.# #.8........∩###
##∩.........###......___∩##
######.8.........8.######
#⌠...........⌠#


You could see a deep elf pyromancer and 6 fire elementals.

Vanquished Creatures
  2 deep elf pyromancers (D)
  2 deep elf zephyrmancers (D)
  Sigmund (D)
  A phantom (D)
  A necrophage (D)
  A wight (D)
  An ufetubus (D)
  An orc (D)
  A ball python (D)
  A hobgoblin (D)
  A ball python skeleton (D)
  A ball python zombie (D)
  A jackal zombie (D)
15 creatures vanquished.

Notes
Turn   | Place    | Note
-------+----------+-------------------------------------------
     0 | D        | BigDaddyOpFi the Troll Fighter began the quest for the Orb.
     0 | D        | Reached XP level 1. HP: 22/22 MP: 0/0
     3 | D        | Found a corrupted altar of Lugonu.
     4 | D        | Found a glowing silver altar of Zin.
     4 | D        | Found a sacrificial altar of Ru.
     5 | D        | Found a shimmering altar of Xom.
     5 | D        | Round 1.
     6 | D        | Found Sohueh's Identification Station.
     7 | D        | Found Marphes's Jewellery.
     7 | D        | Found Berimew's Advanced Armour.
    13 | D        | Found a bloodstained altar of Trog.
    16 | D        | Found Ecriuch's Magic Scroll Shop.
    16 | D        | Found Annup's Magic Scroll Shop.
    17 | D        | Found Qom Qut's Must-Have Magic.
    18 | D        | Found a glowing golden altar of the Shining One.
    18 | D        | Found a basalt altar of Yredelemnul.
    18 | D        | Found Rugeifen's Staff Store.
    22 | D        | Found an ornate altar of the Wu Jian Council.
    23 | D        | Found a hide-covered altar of Uskayaw.
    24 | D        | Found a radiant altar of Vehumet.
    25 | D        | Found Qiblusuh's Distillery.
    26 | D        | Found Xeytwergh's Distillery.
    26 | D        | Found Roeroveo's Bottled Wisdom.
    30 | D        | Became a worshipper of the Wu Jian Council
    51 | D        | Bought a faintly glowing ruby amulet for 45 gold pieces
    51 | D        | Identified the amulet of Astrokh {Spirit rC+} (You bought
                  | it in a shop in the Dungeon)
    51 | D        | Bought a brightly glowing tin ring for 45 gold pieces
    51 | D        | Identified the ring of Jeghuf {rElec rCorr Str+2} (You
                  | bought it in a shop in the Dungeon)
    51 | D        | Bought an ancient amber ring for 45 gold pieces
    51 | D        | Identified the ring "Vero" {Fly Dex+4} (You bought it in a
                  | shop in the Dungeon)
    82 | D        | Found a burning altar of Makhleb.
    85 | D        | Found a snail-covered altar of Cheibriados.
    86 | D        | Found an opulent altar of Gozag.
    87 | D        | Found Cobloron's Premium Goods.
    88 | D        | Found a blossoming altar of Fedhas.
    88 | D        | Found a shimmering blue altar of Sif Muna.
    88 | D        | Found a stormy altar of Qazlal.
    88 | D        | Found Ajelub's Weapon Rack.
    88 | D        | Found Ogox's Miscellaneous Merchandise.
    88 | D        | Found Segimp's Basic Armour.
    92 | D        | Found an ancient bone altar of Kikubaaqudgha.
    93 | D        | Found a shadowy altar of Dithmenos.
    94 | D        | Found an iron altar of Okawaru.
    95 | D        | Found Hoeche's Do-It-Yourself Clinic.
   111 | D        | Noticed Sigmund
   116 | D        | Noticed a necrophage
   130 | D        | Reached XP level 2. HP: 29/29 MP: 1/1
   131 | D        | Reached * piety under Wu Jian
   142 | D        | Killed Sigmund
   143 | D        | Reached skill level 5 in Fighting
   143 | D        | Reached skill level 5 in Dodging
   143 | D        | Reached skill level 5 in Shields
   143 | D        | Reached skill level 5 in Unarmed Combat
   143 | D        | Reached XP level 3. HP: 42/42 MP: 0/2
   143 | D        | Reached XP level 4. HP: 50/50 MP: 0/3
   143 | D        | Reached XP level 5. HP: 57/57 MP: 0/4
   145 | D        | Arena points: 14 (+14) [x2]
   146 | D        | Reached skill level 6 in Unarmed Combat
   176 | D        | Round 2.
   177 | D        | Noticed a phantom
   184 | D        | Killed a phantom
   184 | D        | Reached ** piety under Wu Jian
   185 | D        | Reached XP level 6. HP: 58/67 MP: 5/5
   226 | D        | Reached *** piety under Wu Jian
   227 | D        | Reached skill level 7 in Unarmed Combat
   291 | D        | Arena points: 26 (+12) [x1]
   306 | D        | Round 3.
   365 | D        | Noticed a deep elf zephyrmancer
   373 | D        | Killed a deep elf zephyrmancer
   374 | D        | Reached skill level 8 in Unarmed Combat
   374 | D        | Reached XP level 7. HP: 73/78 MP: 6/6
   429 | D        | Noticed a deep elf pyromancer
   432 | D        | Noticed a fire elemental
   432 | D        | Noticed a fire elemental
   435 | D        | Noticed a fire elemental
   435 | D        | Noticed a fire elemental
   440 | D        | Killed a deep elf pyromancer
   441 | D        | Reached skill level 9 in Unarmed Combat
   441 | D        | Reached XP level 8. HP: 43/88 MP: 0/7
   452 | D        | Noticed a deep elf zephyrmancer
   456 | D        | Noticed a deep elf pyromancer
   457 | D        | Killed a deep elf zephyrmancer
   457 | D        | Noticed a deep elf pyromancer
   458 | D        | Reached skill level 10 in Unarmed Combat
   459 | D        | Noticed a deep elf pyromancer
   463 | D        | Killed a deep elf pyromancer
   464 | D        | Reached XP level 9. HP: 23/98 MP: 0/8
   468 | D        | Killed from afar by a deep elf pyromancer

Illustrated notes

Levels and vault maps discovered:
D:        arena_sprint

Skill      XL: |  1  2  3  4  5  6  7  8 |
---------------+-------------------------+-----
Shields        | 3 5 6 8 9 |  9.9
Fighting       | 5 7 8 9 |  9.0
Dodging        | 5 6 7 8 9 |  9.0
Unarmed Combat | 5 6 8 9 10 | 10.5

Action                     |  1- 3 |  4- 6 |  7- 9 || total
---------------------------+-------+-------+-------++-------
  Melee: Unarmed           |    25 |    22 |    16 ||    63
 Invoke: Serpent's Lash    |       |       |     1 ||     1
Ability: Lunge             |     1 |     3 |     1 ||     5
         Whirlwind         |       |     2 |     2 ||     4
    Use: Potion            |     2 |       |     3 ||     5
 Armour: Robe              |     6 |     3 |    16 ||    25
  Dodge: Dodged            |     8 |     2 |    15 ||    25
  Block: Kite shield       |     7 |     5 |    12 ||    24

Table legend: (Time is in decaauts)
 A = Elapsed time spent in this place.
 B = Non-inter-level travel time spent in this place.
 C = Inter-level travel time spent in this place.
 D = Time resting spent in this place.
 E = Time spent auto-exploring this place.
 F = Levels seen in this place.
 G = Mean time per level.
                   A        B        C        D        E       F      G
               +--------+--------+--------+--------+--------+-----+--------+
         Total |    468 |    468 |      0 |    175 |      0 |   1 |  468.0 |
       Dungeon |    468 |    468 |      0 |    175 |      0 |   1 |  468.0 |
               +--------+--------+--------+--------+--------+-----+--------+

Top non-repeatable levels by time:
       D: 468 daAuts
